 Dungeon Crawl Stone Soup version 0.30.0-21-gd299b56b3f (webtiles) character file.

Game seed: 9863083484865029150

6043 qw the Cleaver (level 10, -7/64 HPs)
             Began as a Gargoyle Fighter on June 2, 2023.
             Was a Priest of Okawaru.
             Mangled by a gnoll sergeant
             ... wielding a +3 spear of distortion
              (16 damage)
             ... on level 9 of the Dungeon.
             The game lasted 00:04:15 (8585 turns).

qw the Cleaver (Gargoyle Fighter)                   Turns: 8585, Time: 00:04:16

Health: -7/64      AC: 24    Str: 28    XL:     10   Next: 87%
Magic:  9/11       EV: 10    Int:  8    God:    Okawaru [***...]
Gold:   463        SH:  6    Dex:  8    Spells: 9/9 levels left

rFire   . . .        Y - +0 war axe (venom)
rCold   . . .        c - +0 buckler
rNeg    + . .        j - +0 chain mail
rPois   inf          o - +0 helmet
rElec   +            (no cloak)
rCorr   .            e - +0 pair of gloves
SInv    .            (no boots)
Will    +....        (no amulet) Stlth
                     f - ring of willpower
HPRegen 0.30/turn    m - ring of protection from cold
MPRegen 0.12/turn

%: no passive effects
@: heroic
A: sickness immunity, AC +7, negative energy resistance 1, electricity
resistance, torment resistance 1, petrification resistance, iridescent scales 1,
low MP 1, strong 1, cold vulnerability 1
a: Renounce Religion, Heroism


You were on level 9 of the Dungeon.
You worshipped Okawaru.
Okawaru was most pleased with you.
You visited 1 branch of the dungeon, and saw 9 of its levels.

You collected 649 gold pieces.
You spent 186 gold pieces at shops.


Innate Abilities, Weirdness & Mutations

You are immune to sickness and miasma.
Your stone body is resilient. (AC +7)
You are immune to poison.
You resist negative energy. (rN+)
You are resistant to electric shocks. (rElec)
You are resistant to unholy torment.
You are immune to petrification.
You are partially covered in iridescent scales. (AC +2)
Your magical capacity is low. (-10% MP)
Your muscles are strong. (Str +4, Int/Dex -1)
You are vulnerable to cold. (rC-)


   Skills:
 + Level 8.3(13.3) Fighting
 - Level 11.0(16.0) Axes
 - Level 2.0(7.0) Throwing
 - Level 6.0(11.0) Armour
 - Level 1.0(6.0) Dodging
 - Level 6.0(11.0) Shields
 - Level 4.0 Invocations


You had 9 spell levels left.
You didn't know any spells.
Your spell library was empty.

Inventory:

Hand Weapons
 a - a +1 hand axe of flaming
 Y - a +0 war axe of venom (weapon)
Missiles
 i - 12 boomerangs (quivered)
Armour
 c - a +0 buckler (worn)
 e - a +0 pair of gloves (worn)
 j - a +0 chain mail (worn)
 o - a +0 helmet (worn)
Jewellery
 f - a ring of willpower (left hand)
 m - a ring of protection from cold (right hand)
Scrolls
 g - 2 scrolls of teleportation
 h - a scroll of identify
Potions
 d - a potion of might
 k - a potion of heal wounds {unknown}
 l - 12 potions of curing
 n - 4 potions of mutation
 p - a potion of lignification
 q - a potion of degeneration {unknown}

Dungeon Overview and Level Annotations

Branches:
Dungeon (9/15)             Temple (0/1) D:4
   Lair: D:8-11         Orc: D:9-12

Altars:
Ashenzari
Cheibriados
Dithmenos
Nemelex Xobeh
Okawaru
Qazlal
Trog
Uskayaw
Xom

Shops:
D:5 (

Annotations:
D:4 2 transporters, qw's ghost, novice GrFi
D:5 3 runed translucent doors, qw's ghost, novice GrFi


Message History

You barely miss the gnoll.
The gnoll is lightly wounded.
The gnoll barely misses you. You block the gnoll's attack.
You hit the gnoll but do no damage.
The gnoll looks even sicker.
The gnoll is lightly wounded.
You hit the gnoll.
The gnoll is poisoned.
The gnoll hits you but does no damage. The gnoll barely misses you. x2
You slash the gnoll!
The gnoll is almost dead.
You barely miss the gnoll.
You kill the gnoll!
Okawaru accepts your kill. The gnoll hits you but does no damage.
The gnoll sergeant hits you but does no damage.
Space warps horribly around you! The gnoll closely misses you.
8580 ||| INVOKING Heroism.
You gain the combat prowess of a mighty hero.
The gnoll hits you but does no damage. The gnoll closely misses you.
The gnoll sergeant barely misses you.
You hit the gnoll but do no damage.
The gnoll looks as sick as possible!
The gnoll is lightly wounded.
The gnoll completely misses you. The gnoll hits you but does no damage.
The gnoll sergeant hits you from afar with a +3 spear of distortion.
Space warps horribly around you!
You barely miss the gnoll.
The gnoll is heavily wounded.
The gnoll misses you. You block the gnoll sergeant's attack.
You block the gnoll's attack.
You barely miss the gnoll.
The gnoll is heavily wounded.
The gnoll sergeant misses you. The gnoll hits you but does no damage.
The gnoll barely misses you.
You hit the gnoll.
The gnoll looks as sick as possible!
The gnoll is almost dead.
You kill the gnoll!
Okawaru accepts your kill. The gnoll barely misses you.
The gnoll sergeant hits you with a +3 spear of distortion!
Space warps horribly around you!
You die...

.. #....# #########....#
#............#
########............#
....................#
..................g.#####
#................))......
#......)#####..g@...#
#.......# #.......#
#.......# #..######
#.......# #..#
#.......#####..#
###.##.........+
##...##........#
#.....##.......#
.......#.......#


You could see a gnoll sergeant and a gnoll.

Vanquished Creatures
  2 two-headed ogres (D:8)
  A deep elf pyromancer (D:8)
  A hornet (D:8)
  Grinder (D:5)
  A vampire (D:8)
  A wyvern (D:8)
  A basilisk (D:8)
  Duvessa (D:5)
  A water moccasin (D:8)
  A sky beast (D:7)
  An orc warrior (D:7)
  An ice beast (D:6)
  4 ogres
  A black bear (D:5)
  6 centaurs
  2 phantoms (D:4)
  3 bullfrogs
  2 kobold brigands (D:8)
  3 scorpions
  A wight (D:8)
  Dowan (D:5)
  7 killer bees (D:8)
  5 howler monkeys
  2 jellies
  A gnoll bouda (D:5)
  4 hounds
  5 orc priests
  3 iguanas
  2 sleepcaps
  Ijyb (D:4)
  9 orc wizards
  Robin (D:4)
  18 gnolls
  9 adders
  3 white imps (D:7)
  2 worms (D:2)
  4 dart slugs
  36 orcs
  7 ball pythons
  5 bats
  8 endoplasms
  3 giant cockroaches
  5 goblins
  16 hobgoblins
  A jackal (D:3)
  13 kobolds
  A quokka (D:4)
  7 frilled lizards
  3 rats
217 creatures vanquished.

Vanquished Creatures (others)
  A jelly (D:8)
1 creature vanquished.

Grand Total: 218 creatures vanquished

Notes
Turn   | Place    | Note
-------+----------+-------------------------------------------
     0 | D:1      | qw the Gargoyle Fighter began the quest for the Orb.
     0 | D:1      | Reached XP level 1. HP: 14/14 MP: 1/1
     0 | D:1      | 0 ||| qw: Version: 0.2-a-102-gdf20003
     0 | D:1      | 0 ||| qw: Game counter: 886
     0 | D:1      | 0 ||| qw: Always use a shield: true
     0 | D:1      | 0 ||| qw: God list: Okawaru
     0 | D:1      | 0 ||| qw: Allow faded altars: false
     0 | D:1      | 0 ||| qw: Do Orc after D:15 true
     0 | D:1      | 0 ||| qw: Do second Lair branch before Depths: true
     0 | D:1      | 0 ||| qw: Lair rune preference: random
     0 | D:1      | 0 ||| qw: Plans: Normal, Zot:1-4, Slime:5, God:TSO, Crypt,
                  | Tomb, Pan, Hells, Abyss, Win
     0 | D:1      | 0 ||| PLANNING D:1-11
    54 | D:1      | Reached skill level 2 in Axes
   150 | D:1      | 150 ||| Stepping ~*~*~tactically~*~*~ (hiding).
   158 | D:1      | Reached XP level 2. HP: 19/19 MP: 2/2
   584 | D:1      | Reached skill level 3 in Axes
   733 | D:1      | 733 ||| UPGRADING to ring of willpower.
   734 | D:1      | 734 ||| READING scroll labelled LENTIACVEG.
   735 | D:1      | 735 ||| READING scroll labelled WONNUK FAKHU.
   748 | D:1      | 748 ||| READING scroll labelled TUHUGA DODGHI.
   749 | D:1      | 749 ||| READING 2 scrolls labelled DUECYB FIOTSUU.
   750 | D:1      | 750 ||| DRINKING 2 metallic orange potions.
   750 | D:1      | Gained mutation: You are clumsy. (Dex -2) [potion of
                  | mutation]
   750 | D:1      | Gained mutation: You do not regenerate when monsters are
                  | visible. [potion of mutation]
   750 | D:1      | Lost mutation: You are clumsy. (Dex -2) [potion of
                  | mutation]
   750 | D:1      | Gained mutation: You have hidden genetic potential. [potion
                  | of mutation]
   751 | D:1      | 751 ||| DRINKING potion of mutation.
   751 | D:1      | Lost mutation: You do not regenerate when monsters are
                  | visible. [potion of mutation]
   751 | D:1      | Lost mutation: You have hidden genetic potential. [potion
                  | of mutation]
   751 | D:1      | Gained mutation: Your muscles are strong. (Str +4, Int/Dex
                  | -1) [potion of mutation]
   751 | D:1      | Gained mutation: You have hidden genetic defects. [potion
                  | of mutation]
   751 | D:1      | Gained mutation: You are partially covered in iridescent
                  | scales. (AC +2) [potion of mutation]
   752 | D:1      | 752 ||| DROPPING scroll of noise.
   845 | D:2      | Reached XP level 3. HP: 21/23 MP: 3/3
   849 | D:2      | Gained mutation: You are vulnerable to cold. (rC-) [hidden
                  | defects]
   899 | D:2      | 899 ||| Stepping ~*~*~tactically~*~*~ (stealth).
   908 | D:2      | 908 ||| Stepping ~*~*~tactically~*~*~ (hiding).
   924 | D:2      | Gained mutation: Your magical capacity is low. (-10% MP)
                  | [hidden defects]
   924 | D:2      | Lost mutation: You have hidden genetic defects. [hidden
                  | defects expressed]
   949 | D:2      | 949 ||| FLEEEEING.
   950 | D:2      | 950 ||| Stepping ~*~*~tactically~*~*~ (stealth).
  1005 | D:2      | 1005 ||| Stepping ~*~*~tactically~*~*~ (stealth).
  1014 | D:2      | Reached XP level 4. HP: 25/28 MP: 3/3
  1015 | D:2      | 1015 ||| FLEEEEING.
  1102 | D:2      | Reached skill level 4 in Axes
  1193 | D:2      | Found a faded altar of an unknown god.
  1393 | D:2      | Found a hide-covered altar of Uskayaw.
  1522 | D:2      | 1522 ||| UPGRADING to ring of protection from cold.
  1523 | D:2      | 1523 ||| READING scroll labelled XADOAN OGUI.
  1524 | D:2      | 1524 ||| READING scroll labelled TOAGUSCH DAPH.
  1527 | D:2      | 1527 ||| READING scroll labelled MOWEWA FE IFA.
  1628 | D:2      | 1628 ||| READING scroll labelled VAULOU VUKAUSM.
  1629 | D:2      | 1629 ||| DRINKING 3 black potions.
  1630 | D:2      | 1630 ||| DRINKING 2 green potions.
  1631 | D:2      | 1631 ||| DROPPING 2 potions of magic.
  1659 | D:3      | 1659 ||| Stepping ~*~*~tactically~*~*~ (hiding).
  1780 | D:3      | 1780 ||| Stepping ~*~*~tactically~*~*~ (hiding).
  1783 | D:3      | 1783 ||| Stepping ~*~*~tactically~*~*~ (hiding).
  1815 | D:3      | 1815 ||| Stepping ~*~*~tactically~*~*~ (stealth).
  1816 | D:3      | 1816 ||| Stepping ~*~*~tactically~*~*~ (stealth).
  1817 | D:3      | 1817 ||| Stepping ~*~*~tactically~*~*~ (stealth).
  1818 | D:3      | 1818 ||| Stepping ~*~*~tactically~*~*~ (stealth).
  2074 | D:3      | Reached XP level 5. HP: 30/32 MP: 4/4
  2183 | D:3      | 2183 ||| Stepping ~*~*~tactically~*~*~ (hiding).
  2470 | D:3      | Reached skill level 5 in Axes
  2522 | D:3      | 2522 ||| UPGRADING to +0 pair of gloves.
  2527 | D:3      | 2527 ||| READING scroll labelled ZUITUPTABIM.
  2676 | D:3      | 2676 ||| READING scroll labelled RUN YBOPPAYF.
  2868 | D:4      | Found an iron altar of Okawaru.
  2869 | D:4      | 2869 ||| PLANNING OKAWARU WORSHIP
  2872 | D:4      | Became a worshipper of Warmaster Okawaru
  2872 | D:4      | 2872 ||| PLANNING D:1-11
  2903 | D:4      | Noticed a phantom
  2915 | D:4      | Killed a phantom
  2916 | D:4      | Reached XP level 6. HP: 35/39 MP: 5/5
  2976 | D:4      | Found a bloodstained altar of Trog.
  3004 | D:4      | Found a broken altar of Ashenzari.
  3025 | D:4      | Found a snail-covered altar of Cheibriados.
  3085 | D:4      | Noticed qw's ghost (novice GrFi)
  3086 | D:4      | Found a transporter.
  3089 | D:4      | Found a transporter.
  3115 | D:4      | Reached * piety under Okawaru
  3116 | D:4      | Reached skill level 6 in Axes
  3116 | D:4      | Reached XP level 7. HP: 41/44 MP: 6/6
  3138 | D:4      | 3138 ||| Stepping ~*~*~tactically~*~*~ (stealth).
  3140 | D:4      | 3140 ||| Stepping ~*~*~tactically~*~*~ (stealth).
  3155 | D:4      | 3155 ||| Stepping ~*~*~tactically~*~*~ (stealth).
  3156 | D:4      | 3156 ||| Stepping ~*~*~tactically~*~*~ (stealth).
  3189 | D:4      | Noticed Robin
  3190 | D:4      | 3190 ||| INVOKING Heroism.
  3197 | D:4      | Killed Robin
  3340 | D:4      | Reached skill level 1 in Dodging
  3340 | D:4      | Reached skill level 1 in Invocations
  3450 | D:4      | Noticed Ijyb
  3451 | D:4      | 3451 ||| Stepping ~*~*~tactically~*~*~ (hiding).
  3456 | D:4      | 3456 ||| INVOKING Heroism.
  3466 | D:4      | Killed Ijyb
  3559 | D:4      | Found a shimmering altar of Xom.
  3624 | D:4      | Found a staircase to the Ecumenical Temple.
  3827 | D:4      | 3827 ||| UPGRADING to +0 chain mail.
  3837 | D:4      | 3837 ||| DROPPING +0 scale mail.
  3838 | D:4      | 3838 ||| UPGRADING to +0 helmet.
  3843 | D:4      | 3843 ||| READING 3 scrolls labelled BUKUUJ RE GATO.
  3844 | D:4      | 3844 ||| READING scroll labelled BEOMIGYESCH.
  3845 | D:4      | 3845 ||| DROPPING 2 scrolls of poison.
  3883 | D:5      | Entered Level 5 of the Dungeon
  4008 | D:5      | Noticed Duvessa
  4009 | D:5      | 4009 ||| INVOKING Heroism.
  4018 | D:5      | Killed Duvessa
  4026 | D:5      | Noticed Dowan
  4027 | D:5      | 4027 ||| INVOKING Heroism.
  4036 | D:5      | Killed Dowan
  4037 | D:5      | Reached skill level 3 in Invocations
  4094 | D:5      | Found a runed translucent gate.
  4094 | D:5      | Found a runed translucent gate.
  4094 | D:5      | Found a runed translucent gate.
  4095 | D:5      | Noticed qw's ghost (novice GrFi)
  4109 | D:5      | 4109 ||| INVOKING Heroism.
  4116 | D:5      | Reached XP level 8. HP: 48/48 MP: 6/9
  4169 | D:5      | 4169 ||| INVOKING Heroism.
  4186 | D:5      | HP: 11/48 [gnoll/+0 spear[a gnoll bouda] (3)]
  4187 | D:5      | 4187 ||| READING scroll of teleportation.
  4189 | D:5      | Reached skill level 7 in Axes
  4615 | D:5      | 4615 ||| INVOKING Heroism.
  4644 | D:5      | Found Licucu's Antique Weapon Shop.
  4648 | D:5      | 4648 ||| BUYING runed hand axe (186 gold).
  4648 | D:5      | Bought a runed hand axe for 186 gold pieces
  4648 | D:5      | 4648 ||| DROPPING +1 hand axe of venom.
  4714 | D:5      | Noticed Grinder
  4716 | D:5      | 4716 ||| INVOKING Heroism.
  4733 | D:5      | Killed Grinder
  4743 | D:5      | 4743 ||| INVOKING Heroism.
  4748 | D:5      | Reached skill level 8 in Axes
  4898 | D:5      | 4898 ||| READING scroll labelled VUDOXOCRYPH.
  4899 | D:5      | 4899 ||| DRINKING 2 fizzy coppery potions.
  4900 | D:5      | 4900 ||| DROPPING potion of invisibility.
  4926 | D:6      | 4926 ||| INVOKING Heroism.
  4999 | D:6      | 4999 ||| Stepping ~*~*~tactically~*~*~ (hiding).
  5002 | D:6      | 5002 ||| INVOKING Heroism.
  5007 | D:6      | Reached skill level 6 in Fighting
  5007 | D:6      | Reached XP level 9. HP: 39/55 MP: 7/10
  5183 | D:6      | 5183 ||| Stepping ~*~*~tactically~*~*~ (stealth).
  5185 | D:6      | 5185 ||| Stepping ~*~*~tactically~*~*~ (stealth).
  5186 | D:6      | 5186 ||| Stepping ~*~*~tactically~*~*~ (stealth).
  5247 | D:6      | 5247 ||| Stepping ~*~*~tactically~*~*~ (hiding).
  5248 | D:6      | 5248 ||| Stepping ~*~*~tactically~*~*~ (hiding).
  5651 | D:6      | 5651 ||| Stepping ~*~*~tactically~*~*~ (hiding).
  5652 | D:6      | 5652 ||| INVOKING Heroism.
  6320 | D:6      | 6320 ||| READING scroll labelled ROFUNA VAOVUAF.
  6414 | D:7      | Reached ** piety under Okawaru
  6484 | D:7      | 6484 ||| Stepping ~*~*~tactically~*~*~ (hiding).
  6493 | D:7      | Reached skill level 9 in Axes
  6611 | D:7      | 6611 ||| Stepping ~*~*~tactically~*~*~ (stealth).
  6614 | D:7      | 6614 ||| INVOKING Heroism.
  6653 | D:7      | 6653 ||| INVOKING Heroism.
  6724 | D:7      | 6724 ||| Stepping ~*~*~tactically~*~*~ (stealth).
  6751 | D:7      | 6751 ||| INVOKING Heroism.
  6754 | D:7      | 6754 ||| Stepping ~*~*~tactically~*~*~ (hiding).
  6850 | D:7      | 6850 ||| Stepping ~*~*~tactically~*~*~ (stealth).
  6872 | D:7      | 6872 ||| Stepping ~*~*~tactically~*~*~ (stealth).
  6929 | D:7      | Found a sparkling altar of Nemelex Xobeh.
  7164 | D:7      | 7164 ||| READING 2 scrolls of identify.
  7164 | D:7      | 7164 ||| IDENTIFYING murky green potion
  7165 | D:7      | 7165 ||| DROPPING potion of flight.
  7223 | D:8      | 7223 ||| INVOKING Heroism.
  7256 | D:8      | Noticed a hornet
  7262 | D:8      | Killed a hornet
  7315 | D:8      | 7315 ||| Stepping ~*~*~tactically~*~*~ (hiding).
  7424 | D:8      | Noticed a two-headed ogre
  7425 | D:8      | 7425 ||| Stepping ~*~*~tactically~*~*~ (hiding).
  7431 | D:8      | 7431 ||| INVOKING Heroism.
  7437 | D:8      | Reached XP level 10. HP: 63/63 MP: 8/11
  7445 | D:8      | Killed a two-headed ogre
  7446 | D:8      | Reached skill level 10 in Axes
  7508 | D:8      | 7508 ||| Stepping ~*~*~tactically~*~*~ (hiding).
  7530 | D:8      | 7530 ||| INVOKING Heroism.
  7557 | D:8      | 7557 ||| Stepping ~*~*~tactically~*~*~ (stealth).
  7567 | D:8      | 7567 ||| Stepping ~*~*~tactically~*~*~ (stealth).
  7570 | D:8      | 7570 ||| INVOKING Heroism.
  7673 | D:8      | 7673 ||| Stepping ~*~*~tactically~*~*~ (stealth).
  7780 | D:8      | 7780 ||| Stepping ~*~*~tactically~*~*~ (stealth).
  7785 | D:8      | Noticed a two-headed ogre
  7786 | D:8      | 7786 ||| INVOKING Heroism.
  7793 | D:8      | Killed a two-headed ogre
  7793 | D:8      | Reached *** piety under Okawaru
  7794 | D:8      | Reached skill level 6 in Shields
  7899 | D:8      | Noticed a deep elf pyromancer
  7900 | D:8      | 7900 ||| INVOKING Heroism.
  7910 | D:8      | 7910 ||| Stepping ~*~*~tactically~*~*~ (hiding).
  7911 | D:8      | 7911 ||| Stepping ~*~*~tactically~*~*~ (hiding).
  7912 | D:8      | 7912 ||| Stepping ~*~*~tactically~*~*~ (hiding).
  7913 | D:8      | 7913 ||| Stepping ~*~*~tactically~*~*~ (hiding).
  7924 | D:8      | 7924 ||| INVOKING Heroism.
  7928 | D:8      | Killed a deep elf pyromancer
  7929 | D:8      | Reached skill level 11 in Axes
  8115 | D:8      | 8115 ||| Stepping ~*~*~tactically~*~*~ (hiding).
  8219 | D:8      | 8219 ||| Stepping ~*~*~tactically~*~*~ (hiding).
  8246 | D:8      | Reached skill level 6 in Armour
  8316 | D:8      | Found a stormy altar of Qazlal.
  8434 | D:8      | 8434 ||| DRINKING 2 glowing coppery potions.
  8479 | D:9      | 8479 ||| STAIRDANCE
  8539 | D:9      | Found a shadowy altar of Dithmenos.
  8565 | D:9      | 8565 ||| Stepping ~*~*~tactically~*~*~ (stealth).
  8580 | D:9      | 8580 ||| INVOKING Heroism.
  8585 | D:9      | HP: 9/64 [gnoll sergeant/+3 spear of distortion (11)]
  8585 | D:9      | Mangled by a gnoll sergeant

Levels and vault maps discovered:
D:1:      dpeg_arrival_round_c, layout_rooms, grunt_decor_junction,
          ebering_dispersal_statue_hall, dk_noncrumbling_2
D:2:      layout_loops_ring, basic_altar, dilly_ecumenical_altar_fadedgnrine,
          chequers_serial_rivers_marsh, wander_ebering_terrifying_dragon_lair,
          uniq_crazy_yiuf_cottage
D:3:      minmay_razor_zed, layout_loops_cross, minmay_misc_feat_x, minmay_puff
D:4:      layout_basic, xom_butterflies, mainiacjoe_overflow_alcove_1,
          mainiacjoe_overflow_six_doors_small, mainiacjoe_overflow_big_doors,
          minmay_temple_entry_enclosed_plants, gammafunk_ghost_arena, uniq_ijyb,
          uniq_robin
D:5:      layout_basic, serial_shops, nicolae_shop_back_alley_shop,
          ebering_ghost_rock_garden, uniq_duvessa, uniq_grinder
D:6:      layout_layer_cave
D:7:      layout_basic, nicolae_overflow_crystal_walls,
          kennysheep_generic_room_7
D:8:      hangedman_cross_stitches, layout_rooms, grunt_qazlal_clouds,
          minmay_manual_monstrance
D:9:      layout_irregular_city, lemuel_round_altar, serial_shops,
          kennysheep_little_box, grunt_ministairs_12, uniq_prince_ribbit1

Skill      XL: |  1  2  3  4  5  6  7  8  9 10 |
---------------+-------------------------------+-----
Axes           | 2 3 4 5 6 8 9 11 | 11.0
Fighting       | 4 6 7 8 |  8.3
Dodging        | 1 |  1.0
Invocations    | 3 4 |  4.0
Throwing       | 2 |  2.0
Armour         | 4 5 6 |  6.0
Shields        | 4 6 |  6.0

Action                     |  1- 3 |  4- 6 |  7- 9 | 10-12 || total
---------------------------+-------+-------+-------+-------++-------
  Melee: War axe           |    83 |   172 |   292 |   135 ||   682
  Throw: Boomerang         |       |    11 |    72 |     8 ||    91
 Invoke: Heroism           |       |       |    17 |     6 ||    23
    Use: Scroll            |     4 |     6 |     6 |       ||    16
         Potion            |     2 |     2 |     1 |     1 ||     6
   Stab: Distracted        |       |     1 |       |       ||     1
 Armour: Scale mail        |    40 |    96 |    15 |       ||   151
         Chain mail        |       |       |   131 |    83 ||   214
  Dodge: Dodged            |    35 |    69 |   105 |    58 ||   267
  Block: Buckler           |    13 |    30 |    53 |    29 ||   125

Table legend:
 A = Non-vault XP
 B = Vault XP
 C = Vault XP percentage of total XP
 D = Non-vault monster count
 E = Vault monster count
 F = Vault count percentage of total count
                 A         B        C        D         E       F
            +---------+---------+-------+---------+---------+-------
      Total |    5558 |    3075 |  35.6 |     166 |      51 |  23.5
            +---------+---------+-------+---------+---------+-------
        D:1 |      30 |       0 |   0.0 |      15 |       0 |   0.0
        D:2 |      77 |       1 |   1.3 |      20 |       1 |   4.8
        D:3 |     110 |      49 |  30.8 |      15 |      21 |  58.3
        D:4 |     507 |      67 |  11.7 |      24 |       9 |  27.3
        D:5 |     732 |     486 |  39.9 |      16 |       3 |  15.8
        D:6 |     808 |       0 |   0.0 |      18 |       0 |   0.0
        D:7 |    1037 |     212 |  17.0 |      27 |       3 |  10.0
        D:8 |    2198 |    2260 |  50.7 |      27 |      14 |  34.1
        D:9 |      59 |       0 |   0.0 |       4 |       0 |   0.0
            +---------+---------+-------+---------+---------+-------
